[Event "Titled Tuesday Blitz August 1 Late 2023"]
[White "Michalczak, Thomas"]
[Black "Haitin, Ilja"]
[WhiteFideId "4622634"]
[BlackFideId "4501764"]
[WhiteElo "2510"]
[BlackElo "2390"]
[Result "0-1"]
[Round "11"]
[TimeControl "180+1"]
[Date "2023.08.01"]
[WhiteClock "0:00:04"]
[BlackClock "0:00:12"]
[Board "63"]

1. e4 e6 2. d4 d5 3. Nc3 Be7 4. Bd3 c5 5. exd5 exd5 6. dxc5 Bxc5 7. Nf3 Nc6 8. O-O Nge7 9. h3 O-O 10. Bf4 Ng6 11. Bg3 Be6 12. Re1 Qd7 13. Ng5 Rae8 14. Qh5 h6 15. Nxe6 Rxe6 16. Qxd5 Rxe1+ 17. Rxe1 Qxd5 18. Nxd5 Rd8 19. c4 Nb4 20. Nxb4 Bxb4 21. Rd1 Kf8 22. a3 Be7 23. Be2 Rxd1+ 24. Bxd1 Bf6 25. b4 Ne5 26. Be2 Ke7 27. f4 Nc6 28. Kf2 Bb2 29. b5 Nd4 30. a4 Kd6 31. Bd3 Kc5 32. Ke3 f5 33. Be1 Bc1+ 34. Kf2 Bxf4 35. g4 fxg4 36. hxg4 Ne6 37. a5 Kd4 38. Bf1 Ng5 39. Bb4 Be3+ 40. Kg2 b6 41. a6 Ke4 42. Bf8 Ne6 43. Be7 Bf4 44. Kf2 Bc7 45. Ke2 Nf4+ 46. Kd2 Ne6 47. Bg2+ Kd4 48. Bd5 Nf4 49. Bf8 Nxd5 50. cxd5 Kxd5 51. Bxg7 Bf4+ 52. Kd3 Kc5 53. Ke4 Bg5 54. Kf5 Kxb5 55. Kg6 Kxa6 56. Bxh6 Bxh6 57. Kxh6 b5 58. g5 b4 59. g6 b3 60. g7 b2 61. g8=Q b1=Q 62. Qc8+ Qb7 63. Qc4+ Qb5 64. Qa2+ Qa5 65. Qc4+ Qb5 66. Qa2+ Kb6 67. Kg7 a5 68. Qf2+ Qc5 69. Qb2+ Kc6 70. Qa2 Kb5 71. Qb2+ Qb4 72. Qa2 Qc4 73. Qb2+ Ka4 74. Qa2+ Qxa2 0-1


[Site "https://www.chess.com"]

[Event "Titled Tuesday Blitz August 1 Late 2023"]
[White "Koutlas, Nikolaos"]
[Black "Srdanovic, Jovana"]
[WhiteFideId "25827138"]
[BlackFideId "954810"]
[WhiteElo "2505"]
[BlackElo "2371"]
[Result "1-0"]
[Round "11"]
[TimeControl "180+1"]
[Date "2023.08.01"]
[WhiteClock "0:00:11"]
[BlackClock "0:00:44"]
[Board "64"]

1. d4 d5 2. c4 c6 3. cxd5 cxd5 4. Bf4 Nc6 5. e3 a6 6. Nc3 Nf6 7. Be2 Bf5 8. Nf3 e6 9. Qb3 Na5 10. Qa4+ Nc6 11. Ne5 Rc8 12. Nxc6 Rxc6 13. Bxa6 Nd7 14. Bb5 Rb6 15. Rc1 Bd6 16. Bxd7+ Qxd7 17. Qxd7+ Kxd7 18. Bxd6 Rxd6 19. Na4 b6 20. a3 Ra8 21. Nc3 Bd3 22. Kd2 Bc4 23. h4 f6 24. h5 h6 25. Rh4 e5 26. Rg4 Rg8 27. Ne4 Rc6 28. Ng3 Rc7 29. Nf5 Ke6 30. Nxh6 Rh8 31. b3 Rxh6 32. bxc4 dxc4 33. dxe5 Kxe5 34. Rcxc4 Rxc4 35. Rxc4 Rxh5 36. Rb4 Rh2 37. Rb5+ Kd6 38. Rxb6+ Kc5 39. Rb7 Rxg2 40. Ke2 Kc6 41. Rb4 Rg5 42. Kd3 Ra5 43. a4 Kc5 44. Rh4 g5 45. Rc4+ Kd5 46. Rb4 Kc5 47. Rb5+ Rxb5 48. axb5 Kxb5 49. Ke4 Kc4 50. Kf5 Kd3 51. Kxf6 g4 52. Kg5 Ke2 53. Kxg4 Kxf2 54. e4 Ke3 55. e5 Kd4 56. e6 Kc5 57. e7 Kd6 58. e8=Q 1-0


[Site "https://www.chess.com"]

[Event "Titled Tuesday Blitz August 1 Late 2023"]
[White "Lopez Gracia, Fernando"]
[Black "Jovic, Stanoje"]
[WhiteFideId "2207184"]
[BlackFideId "905020"]
[WhiteElo "2339"]
[BlackElo "2499"]
[Result "0-1"]
[Round "11"]
[TimeControl "180+1"]
[Date "2023.08.01"]
[WhiteClock "0:00:15"]
[BlackClock "0:00:28"]
[Board "65"]

1. e4 c6 2. Nf3 d5 3. d3 dxe4 4. dxe4 Qxd1+ 5. Kxd1 Bg4 6. Nd2 Nd7 7. h3 Bxf3+ 8. Nxf3 e5 9. a4 Bc5 10. c3 Bxf2 11. Bc4 Ngf6 12. Ke2 Bg3 13. Bd3 Nc5 14. Nd2 Nxd3 15. Kxd3 O-O-O+ 16. Ke2 Bf4 17. Rf1 Rd7 18. Nc4 Bxc1 19. Raxc1 Nxe4 20. Rf3 f6 21. a5 Rhd8 22. Rc2 Kc7 23. b4 b5 24. axb6+ axb6 25. Ra2 Kb7 26. Re3 Nd6 27. Nxd6+ Rxd6 28. c4 Ra8 29. Rb2 Ra1 30. c5 Rdd1 31. Kf2 Rf1+ 32. Kg3 Rfe1 33. Rd3 Red1 34. Rc3 b5 35. Kg4 g6 36. Rf3 Rf1 37. Rd3 Rad1 38. Ra3 Ra1 39. Rd3 Rfd1 40. Rf3 Rd4+ 41. Kg3 f5 42. Rff2 Ra4 43. Rfe2 e4 44. Kf4 Raxb4 45. Ra2 Ra4 46. Rab2 Rdc4 47. g4 Rxc5 48. gxf5 Rxf5+ 49. Ke3 Rh5 50. Rf2 Rxh3+ 51. Ke2 e3 52. Rf7+ Kb6 53. Rb3 Ra2+ 54. Ke1 Rh1+ 55. Rf1 Ra1+ 56. Ke2 Rhxf1 57. Kxe3 Rae1+ 58. Kd2 Re5 59. Rh3 Rh5 60. Rg3 Rh2+ 61. Kd3 Rhf2 62. Ke4 Rf5 63. Rh3 R1f4+ 64. Ke3 Rf3+ 65. Rxf3 Rxf3+ 66. Kxf3 b4 67. Ke3 h5 68. Kd3 h4 69. Kc4 h3 70. Kxb4 h2 71. Kc4 h1=Q 72. Kd4 Qd5+ 73. Kc3 g5 74. Kb2 g4 75. Kc3 g3 76. Kc2 g2 77. Kc3 g1=Q 78. Kc2 Qf2+ 79. Kc3 Qfd2# 0-1


[Site "https://www.chess.com"]

[Event "Titled Tuesday Blitz August 1 Late 2023"]
[White "Topalov, Aleksandar"]
[Black "Papayan, Oleg"]
[WhiteFideId "925659"]
[BlackFideId "4193911"]
[WhiteElo "2368"]
[BlackElo "2494"]
[Result "0-1"]
[Round "11"]
[TimeControl "180+1"]
[Date "2023.08.01"]
[WhiteClock "0:00:00"]
[BlackClock "0:00:04"]
[Board "66"]

1. b3 e5 2. Bb2 Nc6 3. c4 Nf6 4. e3 d5 5. cxd5 Nxd5 6. a3 Bd6 7. Qc2 a6 8. Nf3 Be6 9. d3 Qd7 10. Nbd2 f6 11. Be2 O-O 12. O-O Rfd8 13. Rfd1 Bf8 14. Rac1 Nb6 15. Ne4 Qf7 16. Nfd2 Rd7 17. Nc4 Nxc4 18. bxc4 h6 19. Nc3 Ne7 20. Bf3 c6 21. Ne4 Nf5 22. g3 Rad8 23. a4 g5 24. Bc3 Be7 25. Rb1 h5 26. Bb4 g4 27. Be2 Qf8 28. Bxe7 Qxe7 29. Qc3 Kf7 30. a5 Ng7 31. Qb4 f5 32. Qxe7+ Rxe7 33. Nc5 Bc8 34. Rb3 Ne6 35. Na4 Rc7 36. Rdb1 f4 37. R3b2 f3 38. Bf1 Ke7 39. Nb6 Nc5 40. Rd2 Ne4 41. Rdb2 Nc5 42. Rd2 Bf5 43. Rbd1 Nb3 44. Rb2 Nc5 45. d4 exd4 46. exd4 Ne4 47. d5 cxd5 48. Nxd5+ Kf7 49. Nxc7 Rxd1 50. Nd5 Nd2 51. Rxb7+ Kf8 52. Rb8+ Kf7 53. Rb7+ Ke8 54. Rb8+ Kd7 55. Ne3 Re1 56. Rb7+ Kc8 57. Rb6 Bd3 58. Rc6+ Kb7 59. Rb6+ Kc7 0-1


[Site "https://www.chess.com"]

[Event "Titled Tuesday Blitz August 1 Late 2023"]
[White "Haydon, David L"]
[Black "Harish, Neeraj"]
[WhiteFideId "415405"]
[BlackFideId "30958130"]
[WhiteElo "2625"]
[BlackElo "2329"]
[Result "1-0"]
[Round "11"]
[TimeControl "180+1"]
[Date "2023.08.01"]
[WhiteClock "0:01:36"]
[BlackClock "0:00:00"]
[Board "68"]

1. c4 e6 2. d4 d5 3. Nf3 Nf6 4. Nc3 Be7 5. cxd5 exd5 6. Bf4 O-O 7. e3 c6 8. Bd3 Re8 9. h3 Nbd7 10. Qc2 Nf8 11. g4 Ng6 12. Bg3 b5 13. O-O-O a5 14. Ne5 Nxe5 15. dxe5 Nd7 16. Bxh7+ Kf8 17. Bf5 Nc5 18. h4 b4 19. Na4 Nxa4 20. Qxa4 Bxf5 21. gxf5 b3 22. axb3 Rb8 23. h5 Rb4 24. Qxc6 Rb6 25. Qxd5 Qc7+ 26. Kb1 Rd8 27. Qe4 Rxb3 28. Rxd8+ Qxd8 29. h6 gxh6 30. f6 Ba3 31. Qh7 Rxb2+ 32. Ka1 Ra2+ 33. Kxa2 Qd2+ 34. Kxa3 Qc3+ 35. Ka2 Qd2+ 36. Kb1 Qb4+ 37. Kc2 Qc4+ 38. Kd2 Qb4+ 39. Ke2 Qb5+ 40. Kf3 1-0


[Site "https://www.chess.com"]

[Event "Titled Tuesday Blitz August 1 Late 2023"]
[White "Urbina Perez, Juan Antonio"]
[Black "Goltsev, Dmitry"]
[WhiteFideId "2217368"]
[BlackFideId "24176710"]
[WhiteElo "2442"]
[BlackElo "2622"]
[Result "1/2-1/2"]
[Round "11"]
[TimeControl "180+1"]
[Date "2023.08.01"]
[WhiteClock "0:00:14"]
[BlackClock "0:00:09"]
[Board "69"]

1. d4 Nf6 2. c4 e6 3. Nf3 b6 4. g3 Bb7 5. Bg2 Bb4+ 6. Bd2 Be7 7. O-O d5 8. cxd5 exd5 9. Nc3 O-O 10. Bf4 c5 11. Rc1 Nc6 12. h4 Ne4 13. dxc5 Nxc3 14. bxc3 bxc5 15. Ne5 Nxe5 16. Bxe5 Qd7 17. Rb1 Bc6 18. e4 Rfd8 19. exd5 Bxd5 20. Bxd5 Qxd5 21. Qxd5 Rxd5 22. Bf4 Bf6 23. c4 Rd4 24. Rfc1 Re4 25. Be3 Bd4 26. Bxd4 Rxd4 27. Rb5 Rc8 28. Rb7 g6 29. Rxa7 Rd2 30. a4 Rb8 31. Rc7 Rbb2 32. Rf1 Ra2 33. Rxc5 Rdc2 34. a5 Kg7 35. Kg2 h5 36. Kg1 Kf6 37. Rc6+ Kf5 38. a6 Ke4 39. Kg2 Kf5 40. c5 Ke5 41. Re1+ Kd5 42. Rf6 Kxc5 43. Re5+ Kd4 44. Re7 Rc1 45. Rexf7 Raa1 46. Rd7+ Ke4 47. Re7+ Kd5 48. Rxg6 Rg1+ 49. Kf3 Ra3+ 50. Re3 Ra2 51. Rg5+ Kd4 52. Rxh5 Rxa6 53. Re4+ Kd3 54. Rd5+ Kc3 55. Rde5 Rf1 56. Re1 Rf6+ 57. Kg4 R1xf2 58. R1e3+ Kd4 59. Re6 Rf8 60. Re2 Rg8+ 61. Kh3 Rf3 62. Rd2+ Kc5 63. Rg2 Kd5 64. Ree2 Rf1 65. h5 Rh1+ 66. Rh2 Rg1 67. Reg2 Rf1 68. g4 Ke5 69. Kh4 Rf4 70. h6 Kf6 71. Kh5 Rg5+ 72. Kh4 Kg6 73. h7 Rf8 74. Kg3 Ra5 75. Rf2 Rh8 76. Rd2 Ra3+ 77. Kg2 Ra4 78. Rd6+ Kg5 79. Rd5+ Kxg4 80. Rd2 Re4 81. Rf2 Re7 82. Kf1 Rexh7 83. Rfg2+ Kf3 84. Rf2+ Ke3 85. Re2+ Kd3 86. Rd2+ Ke3 87. Rde2+ Kf3 88. Rhf2+ Kg4 89. Rg2+ Kf4 90. Ref2+ Ke3 91. Re2+ Kd4 92. Rd2+ Kc5 93. Rc2+ Kd6 94. Rcd2+ Ke7 95. Rde2+ Kd6 96. Rd2+ Ke7 97. Rde2+ Kd6 98. Rd2+ 1/2-1/2


[Site "https://www.chess.com"]

[Event "Titled Tuesday Blitz August 1 Late 2023"]
[White "Miranda, Rafael"]
[Black "Arnold, Ken"]
[WhiteFideId "130990"]
[BlackFideId "2056836"]
[WhiteElo "2619"]
[BlackElo "2427"]
[Result "1-0"]
[Round "11"]
[TimeControl "180+1"]
[Date "2023.08.01"]
[WhiteClock "0:01:12"]
[BlackClock "0:00:11"]
[Board "70"]

1. e4 c6 2. d4 d5 3. e5 Bf5 4. Nf3 e6 5. Bd3 Ne7 6. O-O Nd7 7. a4 a5 8. c4 dxc4 9. Bxf5 Nxf5 10. Nbd2 Nb6 11. Ne4 h5 12. Bg5 Qc7 13. b3 cxb3 14. Qxb3 Bb4 15. Bd2 Bxd2 16. Nexd2 Nd5 17. Rab1 Nb4 18. h3 Rd8 19. Nc4 O-O 20. Nxa5 Qxa5 21. Qxb4 Qxb4 22. Rxb4 Ra8 23. Rfb1 Rfd8 24. g4 hxg4 25. hxg4 Nh6 26. Kg2 Nxg4 27. d5 Nh6 28. d6 b5 29. axb5 cxb5 30. Rxb5 f6 31. Rd1 Rd7 32. Nd4 Kf7 33. f4 Ra2+ 34. Kf3 Ra3+ 35. Kf2 fxe5 36. fxe5 Ng4+ 37. Kg2 Ne3+ 38. Kh2 Nxd1 39. Rc5 Raa7 40. Rc1 Ne3 41. Re1 g6 42. Rxe3 g5 43. Rf3+ Kg6 44. Nxe6 Ra2+ 45. Kg3 Rb7 46. d7 Rbb2 47. Rf6+ Kh5 48. Ng7# 1-0


[Site "https://www.chess.com"]

[Event "Titled Tuesday Blitz August 1 Late 2023"]
[White "Polaczek, Richard"]
[Black "Suder, Jakub"]
[WhiteFideId "200026"]
[BlackFideId "1195310"]
[WhiteElo "2415"]
[BlackElo "2566"]
[Result "0-1"]
[Round "11"]
[TimeControl "180+1"]
[Date "2023.08.01"]
[WhiteClock "0:00:00"]
[BlackClock "0:00:05"]
[Board "71"]

1. d4 d5 2. c4 dxc4 3. e3 e5 4. Bxc4 exd4 5. exd4 Nf6 6. Nf3 Be7 7. O-O O-O 8. Nc3 Nbd7 9. h3 Nb6 10. Bb3 c6 11. Ne5 Nbd5 12. Qf3 Be6 13. Re1 Qb6 14. Bg5 Rad8 15. Rad1 Nxc3 16. Bxe6 Nxd1 17. Nxf7 Rxf7 18. Rxd1 Rxd4 19. Bxf6 Bxf6 20. Rxd4 Qxd4 21. Qb3 Qxb2 22. Bxf7+ Kf8 23. Qe6 Qe5 24. Qxe5 Bxe5 25. Be6 Ke7 26. Bf5 g6 27. Be4 Kd6 28. g3 b5 29. Kf1 a5 30. Ke2 c5 31. h4 c4 32. h5 gxh5 33. Bxh7 Bf6 34. Bg8 Kc5 35. Kd2 b4 36. Kc2 a4 37. Bf7 b3+ 38. axb3 axb3+ 39. Kb1 Kb4 0-1


[Site "https://www.chess.com"]

[Event "Titled Tuesday Blitz August 1 Late 2023"]
[White "Womacka, Mathias"]
[Black "Uzcategui Rodriguez, Alejandro"]
[WhiteFideId "4611390"]
[BlackFideId "3903400"]
[WhiteElo "2521"]
[BlackElo "2396"]
[Result "1/2-1/2"]
[Round "11"]
[TimeControl "180+1"]
[Date "2023.08.01"]
[WhiteClock "0:00:11"]
[BlackClock "0:00:05"]
[Board "72"]

1. e4 e6 2. d4 d5 3. Nd2 Nf6 4. e5 Nfd7 5. Bd3 c5 6. c3 Nc6 7. Ne2 cxd4 8. cxd4 f6 9. exf6 Nxf6 10. Nf3 Bd6 11. O-O Qc7 12. Nc3 a6 13. Bd2 O-O 14. Rc1 Bd7 15. Re1 Ng4 16. g3 Nxf2 17. Kxf2 Nxd4 18. Nxd5 Qd8 19. Nf4 Nxf3 20. Qxf3 Bc6 21. Qh5 Bxf4 22. Qxh7+ Kf7 23. Bxf4 Qd4+ 24. Re3 Qxb2+ 25. Rc2 Qf6 26. Be4 Rh8 27. Qg6+ Qxg6 28. Bxg6+ Kxg6 29. h4 Kf7 30. Bg5 Rac8 31. Rd2 Bd5 32. g4 Rc4 33. Kg3 Rhc8 34. h5 Ra4 35. a3 Rcc4 36. Rf2+ Kg8 37. Rf4 Rxf4 38. Bxf4 Re4 39. Rxe4 Bxe4 40. Be5 b5 41. Bc3 Bc2 42. Kf4 Kh7 43. Ke5 Bd1 44. Kf4 Kg8 45. Kg5 Kf7 46. Kf4 Kg8 47. Kg5 Kf7 48. Kf4 Kg8 1/2-1/2


[Site "https://www.chess.com"]

[Event "Titled Tuesday Blitz August 1 Late 2023"]
[White "Stachanczyk, Jacek"]
[Black "Moral Garcia, Serafin"]
[WhiteFideId "1116657"]
[BlackFideId "2201925"]
[WhiteElo "2401"]
[BlackElo "2515"]
[Result "1/2-1/2"]
[Round "11"]
[TimeControl "180+1"]
[Date "2023.08.01"]
[WhiteClock "0:00:06"]
[BlackClock "0:00:18"]
[Board "73"]

1. e4 e5 2. Nf3 Nc6 3. d4 exd4 4. Nxd4 Bc5 5. Nxc6 Qf6 6. Qf3 bxc6 7. Qg3 d6 8. Nc3 Qg6 9. Bd3 Rb8 10. Na4 Bd4 11. c3 Be5 12. Qf3 Qf6 13. Qxf6 Bxf6 14. Bd2 c5 15. b3 Ne7 16. Nb2 O-O 17. Nc4 Nc6 18. O-O-O Ne5 19. Nxe5 Bxe5 20. f4 Bf6 21. Rhe1 Bg4 22. Be2 Bxe2 23. Rxe2 Rfe8 24. Rde1 g6 25. e5 dxe5 26. c4 Rb6 27. fxe5 Rbe6 28. Bf4 Bg7 29. Kd2 a5 30. a4 Rb8 31. Kc2 Rbe8 32. Bd2 Bxe5 33. g3 f6 34. Bxa5 Kf7 35. Bc3 h5 36. Bxe5 Rxe5 37. Rxe5 fxe5 38. Kd3 Ke6 39. Ra1 Rb8 40. Ra3 Kd6 41. a5 Kc6 42. a6 Kb6 43. Ke4 Ka7 44. Kxe5 Rf8 45. Kd5 Rf2 46. Kxc5 Rxh2 47. b4 Rh3 48. Rf3 h4 49. Rf7 Kb8 50. Kc6 hxg3 51. a7+ Kxa7 52. Rxc7+ Kb8 53. Rb7+ Ka8 54. Rg7 Rh6 55. Rg8+ Ka7 56. Rg7+ Kb8 57. Rg8+ Ka7 58. Rg7+ Kb8 59. Rg8+ Ka7 1/2-1/2


[Site "https://www.chess.com"]

[Event "Titled Tuesday Blitz August 1 Late 2023"]
[White "Balla, Tamas-Kristof"]
[Black "NigelDwarf"]
[WhiteFideId "1208497"]
[WhiteElo "2371"]
[BlackElo "2505"]
[Result "0-1"]
[Round "11"]
[TimeControl "180+1"]
[Date "2023.08.01"]
[WhiteClock "0:00:06"]
[BlackClock "0:00:06"]
[Board "74"]

1. e4 c5 2. Nf3 d6 3. d4 Nf6 4. Bb5+ Nbd7 5. dxc5 Qa5+ 6. Nc3 Nxe4 7. cxd6 Nxc3 8. Bxd7+ Bxd7 9. bxc3 Qa6 10. dxe7 Bxe7 11. Qe2 Bb5 12. Qe3 O-O-O 13. Nd4 Rhe8 14. Qh3+ Bd7 15. Qd3 Bb4+ 16. Kd2 Qh6+ 17. Kd1 Qh5+ 18. f3 Bb5 19. c4 Qc5 20. Bb2 Bxc4 21. Qxh7 Rxd4+ 22. Bxd4 Qxd4+ 23. Kc1 Qxa1# 0-1


[Site "https://www.chess.com"]

[Event "Titled Tuesday Blitz August 1 Late 2023"]
[White "Rottenwohrer Suarez, Juan"]
[Black "AndresDelgado77"]
[WhiteFideId "32068182"]
[WhiteElo "2488"]
[BlackElo "2365"]
[Result "1-0"]
[Round "11"]
[TimeControl "180+1"]
[Date "2023.08.01"]
[WhiteClock "0:00:06"]
[BlackClock "0:00:00"]
[Board "75"]

1. e4 e6 2. Nf3 d5 3. d3 Nf6 4. Nbd2 Nc6 5. g3 Bc5 6. Bg2 dxe4 7. dxe4 b6 8. O-O Ba6 9. c4 Qd7 10. b3 O-O-O 11. Bb2 Nd4 12. e5 Ng4 13. b4 Nxf3+ 14. Qxf3 Qxd2 15. bxc5 Qxb2 16. Qxg4 Qxe5 17. cxb6 cxb6 18. Rfe1 Qc7 19. Qxg7 Bxc4 20. Rac1 b5 21. a4 a6 22. axb5 axb5 23. Bf1 Kb8 24. Qc3 Rc8 25. Qb2 Qb7 26. Bg2 Bd5 27. Bxd5 Qxd5 28. Rcd1 Qc5 29. Re5 Qc6 30. Rxb5+ Kc7 31. Rc1 Kd7 32. Rxc6 Rxc6 33. Qxh8 Rc1+ 34. Kg2 1-0


[Site "https://www.chess.com"]

[Event "Titled Tuesday Blitz August 1 Late 2023"]
[White "Nanu, Costica-Ciprian"]
[Black "Ardila, Oscar Humberto"]
[WhiteFideId "1204580"]
[BlackFideId "4404742"]
[WhiteElo "2475"]
[BlackElo "2329"]
[Result "1-0"]
[Round "11"]
[TimeControl "180+1"]
[Date "2023.08.01"]
[WhiteClock "0:00:13"]
[BlackClock "0:00:17"]
[Board "76"]

1. e4 e5 2. Nf3 Nf6 3. Nxe5 d6 4. Nf3 Nxe4 5. d4 d5 6. Bd3 Be7 7. O-O Nc6 8. c4 Nb4 9. Be2 O-O 10. Nc3 Nxc3 11. bxc3 Nc6 12. a4 Bf5 13. Ra2 Bf6 14. Rb2 b6 15. Bf4 dxc4 16. Bxc4 Na5 17. Ba2 Rc8 18. Ne5 c5 19. Rd2 c4 20. Re1 Re8 21. h3 Qd5 22. Rde2 Bxe5 23. Rxe5 Rxe5 24. Rxe5 Qd7 25. Qe2 Bd3 26. Re7 Qxa4 27. Qg4 Rf8 28. Be5 Bg6 29. Bb1 Qa1 30. Kh2 Qxb1 31. Qd7 Qf5 32. Qc7 Qc8 33. Qd6 Nc6 34. Rc7 Qe6 35. Qxe6 fxe6 36. Rxg7+ Kh8 37. Rxg6+ Rf6 38. Bxf6# 1-0


[Site "https://www.chess.com"]

[Event "Titled Tuesday Blitz August 1 Late 2023"]
[White "D`Arruda, Ricardo D."]
[Black "Sala, Giulia"]
[WhiteFideId "100692"]
[BlackFideId "2840451"]
[WhiteElo "2457"]
[BlackElo "2300"]
[Result "1-0"]
[Round "11"]
[TimeControl "180+1"]
[Date "2023.08.01"]
[WhiteClock "0:01:52"]
[BlackClock "0:02:06"]
[Board "77"]

1. Nf3 e6 2. d4 Nf6 3. Nc3 d5 4. Bg5 Be7 5. Bxf6 Bxf6 6. e4 dxe4 7. Nxe4 Nc6 8. Nxf6+ gxf6 9. c3 b6 10. Bd3 Bb7 11. Qe2 f5 12. Bxf5 Qf6 13. Be4 O-O-O 14. O-O-O Rhg8 15. g3 Rg4 16. Nd2 Qh6 17. Bxc6 Bxc6 18. Qxg4 Bxh1 19. Rxh1 c5 20. Qf4 Qxf4 21. gxf4 cxd4 22. Nf3 dxc3 23. bxc3 Rd3 24. Ne5 Rxc3+ 25. Kb2 Rh3 26. Nxf7 Rf3 27. Rf1 Rxf4 28. Ng5 Rh4 29. Nxe6 Rxh2 30. Kc3 Kd7 31. Nd4 h5 32. a4 h4 33. f4 h3 34. f5 Ke7 35. f6+ Kf7 36. Nf3 Ra2 37. Ng5+ Kf8 38. f7 Re2 39. Nh7+ 1-0


[Site "https://www.chess.com"]

[Event "Titled Tuesday Blitz August 1 Late 2023"]
[White "Slavin, Alexey"]
[Black "Jimenez Jimenez, Leandro"]
[WhiteFideId "24104388"]
[BlackFideId "6415253"]
[WhiteElo "2354"]
[BlackElo "2478"]
[Result "0-1"]
[Round "11"]
[TimeControl "180+1"]
[Date "2023.08.01"]
[WhiteClock "0:00:02"]
[BlackClock "0:00:57"]
[Board "79"]

1. e4 e5 2. Nf3 Nc6 3. c3 Nf6 4. d4 exd4 5. e5 Nd5 6. Bc4 Nb6 7. Bb3 d6 8. Ng5 d5 9. cxd4 Bb4+ 10. Nc3 h6 11. Nf3 Bg4 12. Be3 O-O 13. Qd2 f6 14. exf6 Qxf6 15. Ne5 Nxe5 16. dxe5 Qxe5 17. O-O Rad8 18. Bd4 Qh5 19. a3 Bd6 20. g3 Bf3 21. Bd1 c5 22. Bxf3 Qxf3 23. Nb5 cxd4 24. Nxd4 Qf6 25. Rae1 Nc4 26. Qc3 Be5 27. Rd1 Nd6 28. f4 Bxd4+ 29. Rxd4 Ne4 30. Qd3 Qc6 31. Rd1 Nf6 32. Kg2 Rfe8 33. Rd2 Re7 34. h3 Rde8 35. g4 Ne4 36. Rxd5 Nxd2 0-1


[Site "https://www.chess.com"]

[Event "Titled Tuesday Blitz August 1 Late 2023"]
[White "Harriott, Tyrell"]
[Black "Elissalt Cardenas, Hector"]
[WhiteFideId "2086484"]
[BlackFideId "3500632"]
[WhiteElo "2441"]
[BlackElo "2352"]
[Result "0-1"]
[Round "11"]
[TimeControl "180+1"]
[Date "2023.08.01"]
[WhiteClock "0:00:07"]
[BlackClock "0:00:31"]
[Board "80"]

1. d4 d5 2. e3 Nf6 3. Bd3 e6 4. f4 b6 5. c3 Bb7 6. Nd2 Be7 7. Ngf3 O-O 8. O-O Ne4 9. Ne5 f5 10. g4 Nd7 11. gxf5 exf5 12. Qh5 Rf6 13. Nxe4 fxe4 14. Bb5 Nxe5 15. fxe5 Rxf1+ 16. Bxf1 Bc8 17. c4 c6 18. cxd5 cxd5 19. Bd2 Be6 20. Ba6 Qd7 21. Qe2 Qe8 22. Be1 Qg6+ 23. Bg3 h5 24. Kh1 Bg4 25. Qb5 Rd8 26. Rf1 Bf3+ 27. Rxf3 exf3 28. Qf1 Qe4 29. Bf2 Qg4 30. h3 Qg5 31. Bg1 Rf8 32. Bf2 Bb4 33. Bb7 Bd2 34. Bxd5+ Kh8 35. e4 Be3 36. Bb3 Rc8 37. Bxe3 Qxe3 38. Bc4 Rxc4 39. Qxc4 Qe1+ 40. Kh2 Qf2+ 0-1


[Site "https://www.chess.com"]

[Event "Titled Tuesday Blitz August 1 Late 2023"]
[White "Kanyamarala, Trisha"]
[Black "Castro Silva, Moises Antonio"]
[WhiteFideId "45004722"]
[BlackFideId "3909794"]
[WhiteElo "2351"]
[BlackElo "2441"]
[Result "1/2-1/2"]
[Round "11"]
[TimeControl "180+1"]
[Date "2023.08.01"]
[WhiteClock "0:00:18"]
[BlackClock "0:00:18"]
[Board "81"]

1. c4 e5 2. Nc3 Nf6 3. g3 d5 4. cxd5 Nxd5 5. Bg2 Nb6 6. Nf3 Nc6 7. d3 Be7 8. O-O O-O 9. a3 Be6 10. b3 f5 11. Bb2 Qd7 12. Rc1 Bf6 13. Na4 Nxa4 14. bxa4 e4 15. Bxf6 exf3 16. Bxf3 Rxf6 17. Rb1 Rb8 18. Qc1 Bd5 19. e4 fxe4 20. dxe4 Rxf3 21. exd5 Qxd5 22. Re1 Qf7 23. Qxc6 Rxf2 24. Rxb7 Rf8 25. Qb5 Rxh2 26. Qb3 Qxb3 27. Rxb3 Rc2 28. Re7 h6 29. Rd3 Rff2 30. Rxc7 Rg2+ 31. Kf1 Rcf2+ 32. Ke1 Ra2 33. Kf1 Raf2+ 34. Ke1 Rc2 35. Rxc2 Rxc2 36. Rd7 Rg2 37. Rxa7 Rxg3 38. a5 Rxa3 39. Ra8+ Kh7 40. a6 h5 41. a7 Kg6 42. Kf2 Kg5 43. Kg2 h4 44. Kh2 g6 45. Kg2 Ra6 46. Kh3 Ra3+ 47. Kg2 Ra1 48. Kh3 Ra2 49. Rb8 Ra3+ 50. Kg2 Rxa7 51. Rb5+ Kg4 52. Rb4+ Kh5 53. Kh2 Ra2+ 54. Kh3 g5 55. Rxh4+ Kg6 56. Rb4 Ra3+ 57. Kg4 Ra6 58. Rc4 Rd6 59. Rb4 Kh6 60. Rc4 Kg6 61. Rb4 Kf6 62. Rc4 Rb6 63. Rd4 Ra6 64. Rb4 Kg6 65. Rc4 Kh6 66. Rd4 Rg6 67. Rc4 Kg7 68. Rc7+ Kf8 69. Kf5 Rg7 70. Rxg7 Kxg7 71. Kxg5 1/2-1/2


[Site "https://www.chess.com"]

[Event "Titled Tuesday Blitz August 1 Late 2023"]
[White "Bazilius, Augustinas"]
[Black "Kostiukov, Alexandr"]
[WhiteFideId "12832251"]
[BlackFideId "14108100"]
[WhiteElo "2426"]
[BlackElo "2350"]
[Result "0-1"]
[Round "11"]
[TimeControl "180+1"]
[Date "2023.08.01"]
[WhiteClock "0:00:01"]
[BlackClock "0:00:37"]
[Board "82"]

1. d4 g6 2. c4 Bg7 3. Nf3 d6 4. e4 e5 5. Nc3 exd4 6. Nxd4 Nc6 7. Be3 Nge7 8. Be2 O-O 9. O-O f5 10. exf5 Bxd4 11. Bxd4 Nxf5 12. Be3 Nxe3 13. fxe3 Rxf1+ 14. Qxf1 Be6 15. Ne4 Qe7 16. Qe1 Bf5 17. Nc3 Qxe3+ 18. Kh1 Nd4 19. Bf1 Nc2 20. Qxe3 Nxe3 21. Be2 c6 22. Kg1 Re8 23. h3 h5 24. Kf2 Nc2 25. Rd1 Rd8 26. a3 c5 27. Nb5 Nd4 28. Nxd4 cxd4 29. Rxd4 Kf7 30. Bf3 b6 31. b4 Ke7 32. Bd5 Rf8 33. Ke2 g5 34. g4 hxg4 35. hxg4 Bg6 36. Bf3 Rh8 37. Ke3 Re8 38. Bc6 Rh8 39. Rd2 Rh3+ 40. Bf3 Ke6 41. Re2 Ke5 42. Kf2+ Kf4 43. Bg2 Rd3 44. Re6 Rd2+ 45. Kf1 Bd3+ 46. Kg1 Bxc4 47. Re4+ Kg3 48. Rxc4 Rxg2+ 49. Kf1 Rf2+ 50. Kg1 Rf4 51. Rc3+ Kxg4 52. Rd3 Rf6 53. Rc3 Kf4 54. Rc7 g4 55. Rxa7 Kg3 56. Rc7 Re6 57. Rc3+ Kh4 58. a4 g3 59. Kg2 Re2+ 60. Kf1 Rf2+ 61. Kg1 Rb2 62. a5 Kh3 63. Rc1 b5 64. Rd1 Rxb4 65. a6 Ra4 66. Rb1 Rxa6 67. Kf1 Ra2 68. Rxb5 Ra1+ 69. Ke2 g2 70. Rh5+ Kg4 71. Rh2 g1=Q 72. Rh4+ Kxh4 0-1


[Site "https://www.chess.com"]

[Event "Titled Tuesday Blitz August 1 Late 2023"]
[White "Gabdushev, Ruslan"]
[Black "Kujawski, Adam"]
[WhiteFideId "4137833"]
[BlackFideId "1100920"]
[WhiteElo "2424"]
[BlackElo "2344"]
[Result "0-1"]
[Round "11"]
[TimeControl "180+1"]
[Date "2023.08.01"]
[WhiteClock "0:00:23"]
[BlackClock "0:00:10"]
[Board "83"]

1. b3 e5 2. Bb2 Nc6 3. e3 d5 4. Bb5 Bd6 5. f4 Qe7 6. Nf3 f6 7. Nc3 Be6 8. fxe5 fxe5 9. e4 dxe4 10. Nxe4 O-O-O 11. Bxc6 bxc6 12. Qe2 Kb7 13. O-O-O Nf6 14. Rde1 Ba3 15. Bxa3 Qxa3+ 16. Kb1 Rhe8 17. Qe3 Nd5 18. Qc5 Nb4 19. Nc3 Rd5 20. Rxe5 Rxc5 21. Rxc5 Nxa2 22. Re5 Nxc3+ 23. dxc3 Bf7 24. Rhe1 Rxe5 25. Rxe5 Bg6 26. Nd4 c5 27. Nf5 Bxf5 28. Rxf5 Qa6 29. Rxc5 Qf1+ 30. Kb2 Qxg2 31. h4 g6 32. b4 Qg4 33. Rb5+ Kc8 34. Ra5 Qxh4 35. Rxa7 g5 36. Ra8+ Kb7 37. Rg8 g4 38. c4 g3 39. Kb3 Qf4 40. b5 g2 41. c3 Qf1 42. Kb4 g1=Q 43. Rxg1 Qxg1 44. c5 c6 45. bxc6+ Kxc6 0-1


[Site "https://www.chess.com"]